 Dungeon Crawl Stone Soup version 0.32-a0-981-g384da2ce10 (webtiles) character file.

Game seed: 9532872335099503044

413 Chago123 the Slasher (level 6, -3/47 HPs)
             Began as a Coglin Gladiator on Apr 20, 2024.
             Slain by a yak (14 damage)
             ... on level 4 of the Dungeon.
             The game lasted 00:03:18 (2584 turns).

Chago123 the Slasher (Coglin Gladiator)             Turns: 2584, Time: 00:03:18

Health: -3/47      AC:  5    Str: 16    XL:     6   Next: 91%
Magic:  6/6        EV: 12    Int:  7    God:
Gold:   170        SH:  0    Dex: 16    Spells: 5/5 levels left

rFire   + . .        a - +0 long sword {Dalbir}
rCold   + . .        f - +0 dagger {Yume}
rNeg    . . .        b - +0 leather armour
rPois   +            c - +0 helmet
rElec   +            (no cloak)
rCorr   +            (no gloves)
SInv    .            i - +0 pair of boots
Will    .....        (amulet unavailable)
Stlth   ++           (ring unavailable)
HPRegen 0.27/turn    (ring unavailable)
MPRegen 0.10/turn    (no gizmo)

%: no passive effects
@: mighty, resistant, revved
A: off-hand wielding, slow wielding, warmup strikes, no jewellery
a: Invent Gizmo


You were on level 4 of the Dungeon.
You visited 1 branch of the dungeon, and saw 5 of its levels.

You collected 170 gold pieces.

Inventory:

Hand Weapons
 a - a +0 long sword (weapon) {Dalbir}
 f - a +0 dagger (offhand) {Yume}
Missiles
 d - 5 throwing nets (quivered)
 e - 6 javelins
Armour
 b - a +0 leather armour (worn)
 c - a +0 helmet (worn)
 i - a +0 pair of boots (worn)
Scrolls
 j - 2 scrolls of teleportation {unknown}
 k - 4 scrolls of identify {unknown}
 l - a scroll of amnesia {unknown}
 n - a scroll of noise {unknown}
 o - a scroll of blinking {unknown}
 p - a scroll of butterflies {unknown}
 q - a scroll of fear {unknown}
Potions
 m - a potion of lignification {unknown}


   Skills:
 + Level 3.1 Fighting
 + Level 1.8(3.5) Short Blades
 + Level 5.2(5.4) Long Blades
 + Level 1.8 Throwing
 + Level 1.8 Armour
 + Level 3.7 Dodging
 + Level 1.0 Stealth


You had 5 spell levels left.
You didn't know any spells.
Your spell library contained the following spells:

 Spells                   Type           Power      Damage    Failure   Level
 Slow                     Hex            0%         N/A       50%         1
 Confusing Touch          Hex            0%         N/A       86%         3
 Vampiric Draining        Necr           0%         2d6       86%         3


Dungeon Overview and Level Annotations

Branches:
Dungeon (5/15)
 Temple: D:4-7

Altars:
The Shining One

Shops:
D:1 ?:!

Annotations:
D:3 1 runed translucent door, Sobieck's ghost, amateur MDEE
D:4 Edmund


Innate Abilities, Weirdness & Mutations

You can wield a second weapon in your off-hand.
It takes a long time for you to wield or remove held weapons.
Your first few attacks do less damage.
You cannot equip rings or amulets.


Message History

There is a stone staircase leading down here.
Unknown command.
Unknown command.
The yak attacks as it pursues you! The yak gores you but does no damage.
You open the door. The yak completely misses you.
Found 11 gold pieces.
There is an open door here.
You hit the yak but do no damage. x2; The yak gores you!
You closely miss the yak with your +0 long sword.
You barely miss the yak with your +0 dagger.
It was a potion of resistance.
You feel protected. The yak completely misses you.
It was a potion of might.
You feel very mighty all of a sudden. The yak gores you!
The yak gores you but does no damage.
You hit the yak with your +0 dagger.
The yak is lightly wounded.
You slash the yak with your +0 long sword!
The yak barely misses you. The yak gores you!
You hit the yak with your +0 dagger.
The yak is heavily wounded.
You hit the yak with your +0 long sword.
The yak misses you. The yak closely misses you.
You puncture the yak with your +0 dagger!
The yak is severely wounded.
You barely miss the yak with your +0 long sword.
The yak barely misses you.
You slash the yak with your +0 long sword!
You kill the yak!
The yak gores you!
* * * LOW HITPOINT WARNING * * *
Your Fighting skill increases to level 3!
Your Long Blades skill increases to level 5!
Your Stealth skill increases to level 1!
You slash the yak with your +0 long sword!
The yak is moderately wounded.
You barely miss the yak with your +0 dagger.
The yak gores you!
You die...

##...#........
.
#####.#+######
.#
#....##..###.##
#..............
##..>..........
#..............
#....##..###.#
#######Y##
#......†@#
#.$......#
##...###.#
#.... ### #...
... ...


You could see a yak.

Vanquished Creatures
  A yak (D:4)
  A jelly (D:4)
  A hound (D:4)
  Natasha (thrice) (D:3)
  2 orc wizards (D:3)
  3 adders
  A dart slug (D:3)
  4 orcs
  4 ball pythons
  6 bats
  4 endoplasms
  3 giant cockroaches
  5 goblins
  8 hobgoblins
  3 jackals (D:3)
  3 quokkas
  6 kobolds
  8 rats
66 creatures vanquished.

Notes
Turn   | Place    | Note
-------+----------+-------------------------------------------
     0 | D:1      | Chago123 the Coglin Gladiator began the quest for the Orb.
     0 | D:1      | Reached XP level 1. HP: 16/16 MP: 1/1
    60 | D:1      | Reached XP level 2. HP: 22/22 MP: 2/2
   124 | D:1      | Found Votolaj's Magic Scroll Shoppe.
   140 | D:1      | Found Haax's Book Emporium.
   330 | D:1      | Found Ehontefo's Distillery.
   398 | D:1      | Reached XP level 3. HP: 27/27 MP: 3/3
  1226 | D:3      | Found a runed translucent door.
  1267 | D:3      | Found a glowing golden altar of the Shining One.
  1282 | D:3      | Reached XP level 4. HP: 32/33 MP: 4/4
  1539 | D:3      | Reached skill level 4 in Long Blades
  1553 | D:3      | Noticed Natasha
  1566 | D:3      | Killed Natasha
  1749 | D:3      | Noticed Sobieck's ghost (amateur MDEE)
  1859 | D:3      | Noticed Natasha
  1864 | D:3      | Killed Natasha
  1865 | D:3      | Reached XP level 5. HP: 39/39 MP: 5/5
  1961 | D:3      | Noticed Natasha
  1969 | D:3      | Killed Natasha
  2014 | D:3      | Reached skill level 1 in Short Blades
  2287 | D:4      | Reached skill level 1 in Armour
  2287 | D:4      | Reached XP level 6. HP: 41/46 MP: 6/6
  2340 | D:4      | Noticed Edmund
  2567 | D:5      | Entered Level 5 of the Dungeon
  2567 | D:5      | Noticed a yak
  2567 | D:5      | Noticed a yak
  2567 | D:5      | Noticed a yak
  2567 | D:5      | Noticed a yak
  2583 | D:4      | Killed a yak
  2584 | D:4      | Reached skill level 5 in Long Blades
  2584 | D:4      | Reached skill level 1 in Stealth
  2584 | D:4      | Slain by a yak

Illustrated notes

Levels and vault maps discovered:
D:1:      saegor_arrival_miasma, layout_rooms, serial_shops, shop, shop,
          nicolae_shop_industrial_runoff,
          nicolae_concentric_dashed_squares_mild, minmay_fountain_box
D:2:      layout_rooms, serial_forest, infiniplex_forest_clump_C,
          infiniplex_forest_lined_ring, infiniplex_forest_clump_small,
          infiniplex_forest_corner_2, infiniplex_forest_pool,
          infiniplex_forest_end_1, infiniplex_forest_straight_4
D:3:      layout_basic, tso_metal_star, ebering_ghost_inner_flame, uniq_natasha
D:4:      layout_gridville, uniq_edmund
D:5:      layout_basic, uniq_blork_the_orc

Skill      XL: |  1  2  3  4  5  6 |
---------------+-------------------+-----
Dodging        | 3 |  3.7
Long Blades    | 4 5 |  5.2
Short Blades   | 1 |  1.8
Armour         | 1 |  1.8
Fighting       | 3 |  3.1
Stealth        | 1 |  1.0
Throwing       | |  1.8

Action                     |  1- 3 |  4- 6 || total
---------------------------+-------+-------++-------
  Melee: Dagger            |    58 |    84 ||   142
         Long sword        |    66 |    95 ||   161
    Use: Potion            |       |     3 ||     3
 Armour: Leather armour    |    52 |    48 ||   100
  Dodge: Dodged            |    43 |    57 ||   100

Table legend: (Time is in decaauts)
 A = Elapsed time spent in this place.
 B = Non-inter-level travel time spent in this place.
 C = Inter-level travel time spent in this place.
 D = Time resting spent in this place.
 E = Time spent auto-exploring this place.
 F = Levels seen in this place.
 G = Mean time per level.
                   A        B        C        D        E       F      G
               +--------+--------+--------+--------+--------+-----+--------+
         Total |   2599 |   2532 |     67 |    177 |   1860 |   5 |  519.8 |
       Dungeon |   2599 |   2532 |     67 |    177 |   1860 |   5 |  519.8 |
               +--------+--------+--------+--------+--------+-----+--------+

Top non-repeatable levels by time:
     D:3: 1104 daAuts
     D:2: 745 daAuts
     D:1: 451 daAuts
     D:4: 296 daAuts
     D:5: 1 daAuts
